MLB
CHICAGO WHITE SOX @ MINNESOTA TWINS
07/22/2023
 
TOP OF THE 1ST
Chicago White Sox batting - Pitching for Minnesota Twins : RHP Jameson Taillon
Pitching: RHP Jameson Taillon
Batting: RHB Bobby Witt Jr. 0-0: Ball
1-0: TRIPLE (Line Drive, 8RXD, EV 110.0 MPH)
Batting: LHB Gunnar Henderson 0-0: 2-RUN HOME RUN (Flyball, 9D, EV 108.1 MPH), Distance : 399 ft
Batting: RHB Julio Rodriguez 0-0: Swinging Strike
0-1: Foul Ball, location: 5F
0-2: Ball
1-2: Ball
2-2: Foul Ball, location: 2LF
2-2: Ball
3-2: Foul Ball, location: 9LMF
3-2: Fly out, F7 (Flyball, 78M, EV 94.4 MPH)
Batting: LHB Matt Olson 0-0: Called Strike
0-1: Ground out U3 (Groundball, 3, EV 85.6 MPH)
Batting: LHB Matt Carpenter 0-0: Ball
1-0: Ball
2-0: Foul Ball, location: 2F
2-1: Swinging Strike
2-2: Ball
3-2: Foul Ball, location: 3FF
3-2: Foul Ball, location: 2F
3-2: Strikes out swinging
Top of the 1st over - 2 runs, 2 hits, 0 errors, 0 left on base; Chicago 2 - Minnesota 0
BOTTOM OF THE 1ST
Minnesota Twins batting - Pitching for Chicago White Sox : RHP Hunter Greene
Pitching: RHP Hunter Greene
Batting: SHB Adalberto Mondesi 0-0: Bunt missed!
0-1: Ground out 6-3 (Groundball, 6S, EV 69.4 MPH)
Batting: RHB Ty France 0-0: Called Strike
0-1: SINGLE (Groundball, 4MD, EV 99.4 MPH)
Batting: RHB Teoscar Hernandez 0-0: DOUBLE (Line Drive, 89D, EV 106.3 MPH)
Ty France to third
Runner from 3rd tries for Home, SAFE, throw by RF to home
Batting: LHB Joey Gallo 0-0: Called Strike
0-1: Called Strike
0-2: Ball
1-2: Ball
2-2: Strikes out swinging
Batting: RHB Ryan Mountcastle 0-0: Ball
1-0: Ground out U3 (Groundball, 34S, EV 73.1 MPH)
Bottom of the 1st over - 1 run, 2 hits, 0 errors, 1 left on base; Chicago 2 - Minnesota 1
TOP OF THE 2ND
Chicago White Sox batting - Pitching for Minnesota Twins : RHP Jameson Taillon
Batting: LHB Kolten Wong 0-0: Foul Ball, location: 23F
0-1: Foul Ball, location: 2F
0-2: Strikes out swinging
Batting: SHB Jeimer Candelario 0-0: Foul Ball, location: 25F
0-1: Ball
1-1: Called Strike
1-2: Foul Ball, location: 2F
1-2: Foul Ball, location: 2F
1-2: Foul Ball, location: 7LDF
1-2: Ball
2-2: Ball
3-2: Base on Balls
Batting: RHB Luis Torrens 0-0: Grounds into double play, 6-4-3 (Groundball, 6, EV 106.3 MPH)
Top of the 2nd over - 0 runs, 0 hits, 0 errors, 0 left on base; Chicago 2 - Minnesota 1
BOTTOM OF THE 2ND
Minnesota Twins batting - Pitching for Chicago White Sox : RHP Hunter Greene
Batting: LHB Vinnie Pasquantino 0-0: Ball
1-0: Ball
2-0: Ball
3-0: Base on Balls
Batting: RHB Royce Lewis 0-0: Ball
1-0: Called Strike
1-1: Ball
2-1: Ball
3-1: Called Strike
3-2: Foul Ball, location: 9LDF
3-2: Strikes out looking
Batting: RHB Christian Arroyo 0-0: Ball
1-0: Ball
2-0: Called Strike
2-1: Ball
3-1: Called Strike
3-2: Foul Ball, location: 2F
3-2: Strikes out looking
Batting: RHB Gary Sanchez 0-0: Ball
1-0: Ball
2-0: Foul Ball, location: 7LMF
2-1: Fielders Choice at 2nd, 6-4 (Groundball, 6, EV 78.8 MPH)
Bottom of the 2nd over - 0 runs, 0 hits, 0 errors, 1 left on base; Chicago 2 - Minnesota 1
TOP OF THE 3RD
Chicago White Sox batting - Pitching for Minnesota Twins : RHP Jameson Taillon
Batting: LHB MJ Melendez 0-0: Called Strike
0-1: Ball
1-1: Called Strike
1-2: Fly out, F7 (Flyball, 7, EV 92.5 MPH)
Batting: RHB Bobby Witt Jr. 0-0: Foul Ball, location: 9LMF
0-1: Foul Ball, location: 23FF
0-2: SOLO HOME RUN (Flyball, 7D, EV 99.4 MPH), Distance : 386 ft
Batting: LHB Gunnar Henderson 0-0: Ball
1-0: Ball
2-0: Foul Ball, location: 2F
2-1: Swinging Strike
2-2: Strikes out looking
Batting: RHB Julio Rodriguez 0-0: Ball
1-0: Swinging Strike
1-1: Fly out, F2 (Popup, 3SF, EV 83.1 MPH)
Top of the 3rd over - 1 run, 1 hit, 0 errors, 0 left on base; Chicago 3 - Minnesota 1
BOTTOM OF THE 3RD
Minnesota Twins batting - Pitching for Chicago White Sox : RHP Hunter Greene
Batting: SHB Adalberto Mondesi 0-0: TRIPLE (Flyball, 78XD, EV 85.6 MPH)
Batting: RHB Ty France 0-0: Hit by Pitch
Batting: RHB Teoscar Hernandez 0-0: Ball
1-0: Foul Ball, location: 5FF
1-1: Foul Ball, location: 7LSF
1-2: Strikes out swinging
Batting: LHB Joey Gallo 0-0: Ball
1-0: Fly out, F8 (Flyball, 89D, EV 92.5 MPH)
Runner from 3rd tags up, SCORES, throw by CF
Batting: RHB Ryan Mountcastle 0-0: Ball
1-0: Called Strike
1-1: Called Strike
1-2: Ball
2-2: Ball
3-2: Base on Balls
Ty France to second
Batting: LHB Vinnie Pasquantino 0-0: Ball
1-0: Fly out, F6 (Popup, 6M, EV 66.9 MPH)
Bottom of the 3rd over - 1 run, 1 hit, 0 errors, 2 left on base; Chicago 3 - Minnesota 2
TOP OF THE 4TH
Chicago White Sox batting - Pitching for Minnesota Twins : RHP Jameson Taillon
Batting: LHB Matt Olson 0-0: Called Strike
0-1: Ball
1-1: Ball
2-1: Ball
3-1: Foul Ball, location: 7LDF
3-2: Foul Ball, location: 23F
3-2: Fly out, F7 (Flyball, 7LM, EV 93.8 MPH)
Batting: LHB Matt Carpenter 0-0: Ground out 4-3 (Groundball, 13, EV 88.1 MPH)
Batting: LHB Kolten Wong 0-0: Swinging Strike
0-1: Ball
1-1: Foul Ball, location: 5F
1-2: Strikes out swinging
Top of the 4th over - 0 runs, 0 hits, 0 errors, 0 left on base; Chicago 3 - Minnesota 2
BOTTOM OF THE 4TH
Minnesota Twins batting - Pitching for Chicago White Sox : RHP Hunter Greene
Batting: RHB Royce Lewis 0-0: Called Strike
0-1: Ball
1-1: Swinging Strike
1-2: Fly out, F3 (Popup, 3SF, EV 68.1 MPH)
Batting: RHB Christian Arroyo 0-0: Foul Ball, location: 7LMF
0-1: Foul Ball, location: 7LMF
0-2: Strikes out swinging
Batting: RHB Gary Sanchez 0-0: SINGLE (Groundball, 6D, EV 110.0 MPH)
Batting: SHB Adalberto Mondesi 0-0: Ball
1-0: Swinging Strike
1-1: Foul Ball, location: 7LMF
1-2: Foul Ball, location: 5FF
1-2: Foul Ball, location: 2F
1-2: Strikes out swinging
Bottom of the 4th over - 0 runs, 1 hit, 0 errors, 1 left on base; Chicago 3 - Minnesota 2
TOP OF THE 5TH
Chicago White Sox batting - Pitching for Minnesota Twins : RHP Jameson Taillon
Batting: SHB Jeimer Candelario 0-0: Called Strike
0-1: Ball
1-1: DOUBLE (Flyball, 89XD, EV 93.1 MPH)
Batting: RHB Luis Torrens 0-0: Ball
1-0: Foul Ball, location: 25FF
1-1: Foul Ball, location: 2F
1-2: Fly out, F7 (Line Drive, 7D, EV 89.4 MPH)
Batting: LHB MJ Melendez 0-0: Foul Ball, location: 9LSF
0-1: Ground out 4-3 (Groundball, 4, EV 85.0 MPH)
Jeimer Candelario to third
Batting: RHB Bobby Witt Jr. 0-0: Ball
1-0: Called Strike
1-1: Ball
2-1: Foul Ball, location: 2F
2-2: Ball
3-2: Fly out, F7 (Flyball, 7D, EV 92.5 MPH)
Top of the 5th over - 0 runs, 1 hit, 0 errors, 1 left on base; Chicago 3 - Minnesota 2
BOTTOM OF THE 5TH
Minnesota Twins batting - Pitching for Chicago White Sox : RHP Hunter Greene
Batting: RHB Ty France 0-0: Foul Ball, location: 7LMFF
0-1: Foul Ball, location: 2F
0-2: Foul Ball, location: 5FF
0-2: Foul Ball, location: 2F
0-2: Hit by Pitch
Batting: RHB Teoscar Hernandez 0-0: Ball
1-0: Ball
2-0: Foul Ball, location: 3FF
2-1: Fly out, F3 (Popup, 3SF, EV 87.5 MPH)
Batting: LHB Joey Gallo 0-0: Ball
1-0: Swinging Strike
1-1: Ball
Pickoff Throw to First - Out! 1-3
2-1: Swinging Strike
2-2: Strikes out swinging
Bottom of the 5th over - 0 runs, 0 hits, 0 errors, 0 left on base; Chicago 3 - Minnesota 2
TOP OF THE 6TH
Chicago White Sox batting - Pitching for Minnesota Twins : RHP Jameson Taillon
Batting: LHB Gunnar Henderson 0-0: Fly out, F9 (Flyball, 89S, EV 95.6 MPH)
Batting: RHB Julio Rodriguez 0-0: Foul Ball, location: 2F
0-1: Ball
1-1: Called Strike
1-2: Strikes out swinging
Batting: LHB Matt Olson 0-0: Ball
1-0: Swinging Strike
1-1: Foul Ball, location: 7LSF
1-2: Foul Ball, location: 7LDF
1-2: Ball
2-2: Foul Ball, location: 7LSF
2-2: Ground out 6-3 (Groundball, 6, EV 98.1 MPH)
Top of the 6th over - 0 runs, 0 hits, 0 errors, 0 left on base; Chicago 3 - Minnesota 2
BOTTOM OF THE 6TH
Minnesota Twins batting - Pitching for Chicago White Sox : RHP Hunter Greene
Pitching: RHP Nick Sandlin
Batting: RHB Ryan Mountcastle 0-0: Ball
1-0: Called Strike
1-1: DOUBLE (Flyball, 78XD, EV 111.9 MPH)
Batting: LHB Vinnie Pasquantino 0-0: Foul Ball, location: 3FF
0-1: Ball
1-1: Ball
2-1: Swinging Strike
2-2: Ball
3-2: Ground out 4-3 (Groundball, 4, EV 104.4 MPH)
Ryan Mountcastle to third
Batting: RHB Royce Lewis 0-0: Foul Ball, location: 2F
0-1: Swinging Strike
0-2: Hit by Pitch
Batting: RHB Christian Arroyo 0-0: Called Strike
0-1: Ball
1-1: Foul Ball, location: 23F
1-2: Ball
2-2: SINGLE (Groundball, 4S, EV 76.3 MPH) (infield hit)
Ryan Mountcastle scores
Royce Lewis to second
Batting: RHB Gary Sanchez 0-0: Ball
1-0: Fly out, F3 (Popup, 3SF, EV 80.0 MPH)
Pitching: RHP Nick Martinez
Batting: SHB Adalberto Mondesi 0-0: Fly out, F8 (Flyball, 8LD, EV 110.6 MPH)
Bottom of the 6th over - 1 run, 2 hits, 0 errors, 2 left on base; Chicago 3 - Minnesota 3
TOP OF THE 7TH
Chicago White Sox batting - Pitching for Minnesota Twins : RHP Jameson Taillon
Pitching: LHP Jovani Moran
Pinch Hitting: RHB Bryan Lavastida 0-0: Ball
1-0: Called Strike
1-1: Ball
2-1: Foul Ball, location: 7LSF
2-2: Ball
3-2: Ground out 6-3 (Groundball, 6, EV 92.5 MPH)
Batting: LHB Kolten Wong 0-0: Ball
1-0: Called Strike
1-1: Ground out 6-3 (Groundball, 6, EV 90.6 MPH)
Batting: SHB Jeimer Candelario 0-0: Ball
1-0: Called Strike
1-1: Called Strike
1-2: Ball
2-2: Strikes out looking
Top of the 7th over - 0 runs, 0 hits, 0 errors, 0 left on base; Chicago 3 - Minnesota 3
BOTTOM OF THE 7TH
Minnesota Twins batting - Pitching for Chicago White Sox : RHP Nick Martinez
Now in RF: Cal Mitchell
Batting: RHB Ty France 0-0: Called Strike
0-1: Ball
1-1: Ball
2-1: Foul Ball, location: 23F
2-2: SINGLE (Line Drive, 7LM, EV 103.1 MPH)
Batting: RHB Teoscar Hernandez 0-0: Ball
1-0: Foul Ball, location: 2F
1-1: Swinging Strike
1-2: Foul Ball, location: 2RF
1-2: Ball
2-2: Ball
3-2: DOUBLE (Groundball, 5L, EV 108.1 MPH)
Ty France to third
Batting: LHB Joey Gallo 0-0: Intentional Walk
Batting: RHB Ryan Mountcastle 0-0: Ball
1-0: SINGLE (Flyball, 9S, EV 95.0 MPH)
Ty France scores
Teoscar Hernandez to third
Joey Gallo to second
Batting: LHB Vinnie Pasquantino 0-0: Ball
1-0: Grounds into fielders choice 1-2 (Groundball, P, EV 58.8 MPH)
Joey Gallo to third
Ryan Mountcastle to second
Batting: RHB Royce Lewis 0-0: Ball
1-0: Ball
Wild Pitch!
Joey Gallo scores
Ryan Mountcastle to third
Vinnie Pasquantino to second
2-0: Foul Ball, location: 2F
2-1: Foul Ball, location: 9LMF
2-2: Foul Ball, location: 2RF
2-2: Ball
3-2: Base on Balls
Batting: RHB Christian Arroyo 0-0: Ball
1-0: Fly out, F7 (Flyball, 7D, EV 107.5 MPH)
Runner from 3rd tags up, OUT at HOME! 7-2
Bottom of the 7th over - 2 runs, 3 hits, 0 errors, 2 left on base; Chicago 3 - Minnesota 5
TOP OF THE 8TH
Chicago White Sox batting - Pitching for Minnesota Twins : LHP Jovani Moran
Pitching: RHP Reynaldo Lopez
Batting: RHB Luis Torrens 0-0: Called Strike
0-1: Ball
1-1: Ball
2-1: SINGLE (Groundball, 6MD, EV 108.1 MPH)
Batting: LHB MJ Melendez 0-0: Swinging Strike
0-1: Foul Ball, location: 25FF
0-2: Strikes out looking
Batting: RHB Bobby Witt Jr. 0-0: Ball
Wild Pitch!
Luis Torrens to second
1-0: Called Strike
1-1: Swinging Strike
1-2: Ball
2-2: Ball
3-2: Fly out, F7 (Flyball, 7D, EV 103.1 MPH)
Batting: LHB Gunnar Henderson 0-0: Foul Ball, location: 7LMF
0-1: Ball
1-1: SINGLE (Line Drive, 4D, EV 97.5 MPH)
Luis Torrens to third
Runner from 3rd tries for Home, SAFE, throw by RF to home
Batting: RHB Julio Rodriguez 0-0: Ball
1-0: Called Strike
1-1: Swinging Strike
1-2: Ball
2-2: SINGLE (Groundball, 4M, EV 106.3 MPH) (infield hit)
Gunnar Henderson to second
Pitching: LHP Colin Poche
Batting: LHB Matt Olson 0-0: Foul Ball, location: 23FF
0-1: Called Strike
0-2: Ball
1-2: Strikes out swinging
Top of the 8th over - 1 run, 3 hits, 0 errors, 2 left on base; Chicago 4 - Minnesota 5
BOTTOM OF THE 8TH
Minnesota Twins batting - Pitching for Chicago White Sox : RHP Nick Martinez
Pitching: LHP Hoby Milner
Batting: RHB Gary Sanchez 0-0: Called Strike
0-1: Ball
1-1: Ball
2-1: Foul Ball, location: 2F
2-2: Foul Ball, location: 9LSF
2-2: Strikes out looking
Batting: SHB Adalberto Mondesi 0-0: Ball
1-0: Swinging Strike
1-1: Swinging Strike
1-2: Strikes out looking
Batting: RHB Ty France 0-0: Called Strike
0-1: Foul Ball, location: 2F
0-2: Fly out, F8 (Flyball, 78D, EV 87.5 MPH)
Bottom of the 8th over - 0 runs, 0 hits, 0 errors, 0 left on base; Chicago 4 - Minnesota 5
TOP OF THE 9TH
Chicago White Sox batting - Pitching for Minnesota Twins : LHP Colin Poche
Pitching: RHP Nick Anderson
Batting: LHB Cal Mitchell 0-0: Called Strike
0-1: Swinging Strike
0-2: Strikes out swinging
Batting: LHB Kolten Wong 0-0: Ball
1-0: Called Strike
1-1: Ball
2-1: SINGLE (Line Drive, 89S, EV 97.5 MPH)
Batting: SHB Jeimer Candelario 0-0: Ball
1-0: Called Strike
1-1: Fly out, F8 (Flyball, 8RD, EV 91.3 MPH)
Batting: RHB Luis Torrens 0-0: Ball
1-0: Ball
2-0: Fielders Choice at 2nd, 5-4 (Groundball, 5L, EV 82.5 MPH)
Top of the 9th over - 0 runs, 1 hit, 0 errors, 1 left on base; Chicago 4 - Minnesota 5
Tuesday, October 3rd , 2023 - OOTP Baseball 24.9 Build 80